 Dungeon Crawl Stone Soup version 0.30-a0-782-ge64f9170bb (webtiles) character file.

Game seed: 13029566714142373195

74 Jane the Cutter (level 4, -2/37 HPs)
             Began as a Ghoul Gladiator on Feb 23, 2023.
             Was a Follower of Makhleb.
             Slain by an iron imp (10 damage)
             ... summoned by Natasha
             ... on level 2 of the Dungeon.
             The game lasted 00:10:48 (1921 turns).

Jane the Cutter (Ghoul Gladiator)                   Turns: 1921, Time: 00:10:49

Health: -2/37      AC:  2    Str: 25    XL:     4   Next: 30%
Magic:  3/3        EV: 13    Int:  3    God:    Makhleb [*.....]
Gold:   83         SH:  0    Dex: 16    Spells: 3/3 levels left

rFire   . . .      SeeInvis .    l - +1 dagger (drain)
rCold   + . .      Faith    .    (no shield)
rNeg    + + +      Spirit   .    (no body armour)
rPois   ∞          Reflect  .    c - +0 helmet
rElec   .          Harm     .    (no cloak)
rCorr   .          Rampage  .    f - +0 pair of gloves
Will    .....                    (no boots)
Stlth   ++                       (no amulet)
HPRegen 0.00/turn                k - +6 ring of strength
MPRegen 0.08/turn                o - +6 ring of dexterity

@: inhibited regen, slowed, very slow
A: claws 1, cold resistance 1, negative energy resistance 3, inhibited
regeneration, torment resistance 2, devour on kill
a: Renounce Religion


You were on level 2 of the Dungeon.
You worshipped Makhleb.
Makhleb was aware of your devotion.
You visited 1 branch of the dungeon, and saw 2 of its levels.

You collected 83 gold pieces.

Inventory:

Hand Weapons
 a - a +0 rapier
 h - a +2 dagger of venom
 l - a +1 dagger of draining (weapon)
Missiles
 d - 3 throwing nets (quivered)
 e - a javelin
Armour
 c - a +0 helmet (worn)
 f - a +0 pair of gloves (worn)
 i - a +0 scale mail
Jewellery
 g - a ring of see invisible
 j - a ring of fire
 k - a +6 ring of strength (left hand)
 o - a +6 ring of dexterity (right hand)
Potions
 b - a potion of flight
 m - a potion of invisibility


   Skills:
 + Level 2.8 Fighting
 + Level 3.6 Short Blades
 - Level 1.7 Throwing
 + Level 0.6 Armour
 + Level 3.2 Dodging
 + Level 1.0 Stealth


You had 3 spell levels left.
You didn't know any spells.
Your spell library was empty.

Dungeon Overview and Level Annotations

Branches:
Dungeon (2/15)

Altars:
Makhleb

Annotations:
D:2 Natasha


Innate Abilities, Weirdness & Mutations

You are immune to poison.
You have sharp fingernails.
Your flesh is cold resistant. (rC+)
You are immune to negative energy. (rN+++)
You do not regenerate when monsters are visible.
You are immune to unholy pain and torment.
You thrive by killing the living.


Message History

You miss Natasha. Natasha completely misses you.
You hit Natasha.
Natasha is lightly wounded.
Natasha claws you!
Natasha stares at you and mumbles some strange words.
Keep equipping yourself? [Y]es or [N]o only, please.
Keep equipping yourself? [Y]es or [N]o only, please.
Keep equipping yourself? [Y]es or [N]o only, please.
Keep equipping yourself? [Y]es or [N]o only, please.
Keep equipping yourself? [Y]es or [N]o only, please.
Keep equipping yourself?
Uppercase [Y]es or [N]o only, please.
Keep equipping yourself?
You stop putting on your armour.
You feel as though you will be slow longer.
Natasha mumbles some strange words.
You barely miss Natasha.
Natasha is lightly wounded.
Natasha mumbles some strange words.
You hit Natasha. You drain Natasha.
Natasha is heavily wounded.
Natasha stares at you and mumbles some strange words.
The magic dart hits you.
* * * LOW HITPOINT WARNING * * *
The crimson imp closely misses you. Natasha misses you.
The crimson imp grins evilly.
The crimson imp completely misses you.
Natasha mumbles some strange words.
The crimson imp barely misses you. The iron imp hits you.
* * * LOW HITPOINT WARNING * * *
The crimson imp hits you but does no damage.
Natasha claws you.
* * * LOW HITPOINT WARNING * * *
The iron imp attacks as you move away! The iron imp hits you!
You die...

*,.........'.......# #.######
*,.........######### #.##....
*,.........# #.##.###
*,.........# ######## #.##.# #
*,........(###......####.##.###
**##...........................
*****#>..........................
,,,,...#.##.###.55.5..###########
****####.##.# #)@h....# # *
#.##.# #.####### # * #.##.# #.#
######### # ########.##.# #.#
#.......# # .......).##.###.#
#.......# # ****#.......[.#.#
#.......#### #
####.#########.####..........# #
#........# #....'..........# *
#......#.# ######..........# *


You could see an iron imp (summoned), Natasha (very drained), a crimson imp
(summoned) and a shadow imp (summoned).

Vanquished Creatures
  Natasha (D:2)
  An adder (D:2)
  5 bats
  3 endoplasms (D:1)
  3 giant cockroaches (D:1)
  4 goblins
  2 hobgoblins
  6 kobolds
  5 quokkas
  4 frilled lizards
  3 rats
37 creatures vanquished.

Vanquished Creatures (others)
  4 plants (D:1)
  6 withered plants (D:1)
10 creatures vanquished.

Grand Total: 47 creatures vanquished

Notes
Turn   | Place    | Note
-------+----------+-------------------------------------------
     0 | D:1      | Jane the Ghoul Gladiator began the quest for the Orb.
     0 | D:1      | Reached XP level 1. HP: 17/17 MP: 0/0
   109 | D:1      | Reached XP level 2. HP: 19/25 MP: 1/1
   493 | D:1      | Found a faded altar of an unknown god.
   508 | D:1      | Prayed at the altar of an unknown god.
   508 | D:1      | Became a worshipper of Makhleb the Destroyer
   508 | D:1      | Reached * piety under Makhleb
   673 | D:1      | Reached XP level 3. HP: 30/30 MP: 2/2
  1644 | D:2      | Noticed Natasha
  1654 | D:2      | Killed Natasha
  1655 | D:2      | Reached XP level 4. HP: 18/37 MP: 3/3
  1867 | D:2      | Reached skill level 1 in Stealth
  1909 | D:2      | Noticed Natasha
  1921 | D:2      | Slain by an iron imp

Illustrated notes

Levels and vault maps discovered:
D:1:      kennysheep_arrival_forest, layout_loops_ring,
          shapermc_ecumenical_altar_flowoftime, minmay_stone_trees_medium
D:2:      layout_basic, minmay_misc_feat_square, uniq_natasha

Skill      XL: |  1  2  3  4 |
---------------+-------------+-----
Short Blades   | 3 |  3.6
Dodging        | 3 |  3.2
Stealth        | 1 |  1.0
Fighting       | |  2.8
Throwing       | |  1.7
Armour         | |  0.6

Action                     |  1- 3 |  4- 6 || total
---------------------------+-------+-------++-------
  Melee: Rapier            |    36 |       ||    36
         Dagger            |    68 |    26 ||    94
         Punch             |       |     2 ||     2
    Use: Potion            |     5 |       ||     5
         Scroll            |     4 |       ||     4
   Stab: Sleeping          |     2 |       ||     2
 Armour: Leather armour    |    36 |       ||    36
         Skin              |    13 |     8 ||    21
  Dodge: Dodged            |    86 |    22 ||   108

Table legend: (Time is in decaauts)
 A = Elapsed time spent in this place.
 B = Non-inter-level travel time spent in this place.
 C = Inter-level travel time spent in this place.
 D = Time resting spent in this place.
 E = Time spent auto-exploring this place.
 F = Levels seen in this place.
 G = Mean time per level.
                   A        B        C        D        E       F      G
               +--------+--------+--------+--------+--------+-----+--------+
         Total |   1890 |   1762 |    128 |    134 |    892 |   2 |  945.0 |
       Dungeon |   1890 |   1762 |    128 |    134 |    892 |   2 |  945.0 |
               +--------+--------+--------+--------+--------+-----+--------+

Top non-repeatable levels by time:
     D:1: 992 daAuts
     D:2: 898 daAuts
